 Dungeon Crawl Stone Soup version 0.20.1-1-g8b1a95d (webtiles) character file.

93566 homeworkjunkie the Severer (level 16, -8/144 HPs)
             Began as a Hill Orc Fighter on Nov 28, 2017.
             Was the Champion of Okawaru.
             Killed from afar by an Ice Fiend (10 damage)
             ... with a bolt of cold
             ... in an ice cave.
             The game lasted 00:41:31 (19202 turns).

homeworkjunkie the Severer (Hill Orc Fighter)      Turns: 19202, Time: 00:41:32

Health: -8/144     AC: 46    Str: 27    XL:     16   Next: 9%
Magic:  16/22      EV: 14    Int: 11    God:    Okawaru [******]
Gold:   1434       SH: 29    Dex: 22    Spells: 15/15 levels left

rFire    + . .     SeeInvis +   C - +8 broad axe of Dust {protect, MR+}
rCold    + . .     Gourm    .   h - +2 large shield
rNeg     + . .     Faith    .   K - +7 plate armour of Ynoa {Dex+3}
rPois    +         Spirit   .   d - +2 helmet
rElec    .         Reflect  +   x - +2 cloak {rC+}
rCorr    .         Harm     .   F - +0 pair of gloves {Dex+3}
MR       ++...                  t - +0 pair of boots {Fly}
Stlth    ..........             r - +2 amulet of reflection
Regen    0.4/turn               a - ring of the Empty Page {+Blink rN+ Str+3 Int+3}
MPRegen  0.2/turn               O - ring "Nothanac" {rPois rF+ Dex+4 SInv}

@: heroism, finesse, protection aura, flying, hasted, very quick
A: iridescent scales 1, molten scales 1
a: Heroism, Finesse, Renounce Religion, Evoke Blink, Stop Flying


You were in an ice cave.
You worshipped Okawaru.
Okawaru was exalted by your worship.
You were not hungry.

You visited 4 branches of the dungeon, and saw 21 of its levels.
You also visited: Bailey and Ice Cave.

You collected 1639 gold pieces.
You spent 205 gold pieces at shops.

Inventory:

Hand Weapons
 k - a +2 broad axe of electrocution
 n - a +1 hand axe of flaming
 C - the +8 broad axe of Dust (weapon) {protect, MR+}
   (Okawaru gifted it to you on level 3 of the Lair of Beasts)

   It protects the one who uses it against injury (+AC on strike).
   It affects your resistance to hostile enchantments.
Armour
 d - a +2 helmet (worn)
 h - a +2 large shield (worn)
 i - a +2 pair of gloves
 t - a +0 pair of boots of flying (worn)
 x - a +2 cloak of cold resistance (worn)
 F - a +0 pair of gloves of dexterity (worn)
 K - the +7 plate armour of Ynoa (worn) {Dex+3}
   (Okawaru gifted it to you on level 5 of the Lair of Beasts)

   It affects your dexterity (+3).
Jewellery
 a - the ring of the Empty Page (left hand) {+Blink rN+ Str+3 Int+3}
   (You found it on level 11 of the Dungeon)

   [ring of strength]

   It affects your strength (+3).
   It affects your intelligence (+3).
   It protects you from negative energy.
   It lets you blink.
 r - a +2 amulet of reflection (around neck)
 O - the ring "Nothanac" (right hand) {rPois rF+ Dex+4 SInv}
   (You found it on level 6 of the Lair of Beasts)

   [ring of dexterity]

   It affects your dexterity (+4).
   It protects you from fire.
   It protects you from poison.
   It lets you see invisible.
Wands
 b - a wand of flame (11/48)
 u - a wand of paralysis (7/24)
 v - a wand of disintegration (0/24)
 B - a wand of lightning (3/15)
 G - a wand of acid (6/15)
 H - a wand of paralysis (22/24)
 I - a wand of iceblast (15/15)
 L - a wand of paralysis (14/24)
Scrolls
 e - 4 scrolls of immolation
 l - 10 scrolls of teleportation
 o - 9 scrolls of remove curse
 y - 2 scrolls of fear
Potions
 c - 7 potions of might
 m - 4 potions of magic
 q - 6 potions of agility
 s - 2 potions of degeneration {unknown}
 z - a potion of berserk rage {unknown}
 E - 2 potions of flight
 M - a potion of mutation
Comestibles
 f - 17 bread rations
 g - 10 meat rations
 w - 3 royal jellies


   Skills:
 * Level 13.4(18.4) Fighting
 * Level 19.2(24.2) Axes
 * Level 11.0(16.0) Armour
 + Level 4.0(9.0) Dodging
 + Level 2.5(7.5) Stealth
 * Level 16.1(21.1) Shields
 * Level 9.2 Evocations


You had 15 spell levels left.
You didn't know any spells.

Dungeon Overview and Level Annotations

Branches:
Dungeon (12/15)            Temple (1/1) D:6            Lair (6/6) D:8
 Shoals (0/4) Lair:2       Spider (2/4) Lair:3        Slime (0/5) Lair:5
    Orc: D:9-12

Altars:
Ashenzari
Cheibriados
Dithmenos
Elyvilon
Fedhas
Gozag
Hepliaklqana
Kikubaaqudgha
Makhleb
Nemelex Xobeh
Okawaru
Qazlal
Ru
Sif Muna
Trog
Uskayaw
Vehumet
Xom
Yredelemnul
Zin
The Shining One

Shops:
D:5 ?=**   D:7 (   D:8 }*:*


Innate Abilities, Weirdness & Mutations

You are partially covered in iridescent scales. (AC +2)
You are partially covered in molten scales. (AC +2)


Message History

The Ice Fiend gestures at you. The bolt of cold hits you! You resist.
* * * LOW HITPOINT WARNING * * *
The Ice Fiend calls on the powers of darkness!
Your body is wracked with pain!
* * * LOW HITPOINT WARNING * * *
You block the Ice Fiend's attack. The Ice Fiend misses you.
You slice the Ice Fiend!!
Your weapon exudes an aura of protection.
The Ice Fiend is moderately wounded.
You feel better. The Ice Fiend gestures at you. The bolt of cold hits you!
You resist.
* * * LOW HITPOINT WARNING * * *
You hit the Ice Fiend but do no damage.
The Ice Fiend is moderately wounded.
You hit the Ice Fiend but do no damage. The Ice Fiend gestures at you.
The bolt of cold hits you! You resist.
You die...

§§§§#..# #...##..##
§§§§§..# #..###...#
##4§.#§..# ##.#.##..#
§.§§.#...# ##.§..#..#
§§§..#...###..§.##..#
#4§###....##.§§§#..##
#§##....1.##.≈§##..#
#.#.....#..##§§#.1##
..41.1.###..####@.#
.......# #...###1##
......## ##..#..##
......# ##....#
.....## ##..## #...##
#### ##.## ###


You could see 2 Ice Fiends.

Vanquished Creatures
  Kirke (Spider:2)
  Gastronok (Lair:1)
  An emperor scorpion (Spider:2)
  An entropy weaver (Spider:1)
  A dire elephant (Lair:5)
  An ogre mage (D:11)
  7 hydras
  Harold (D:10)
  A rakshasa (D:10)
  Erica (Lair:1)
  3 centaur warriors (D:11)
  5 two-headed ogres
  6 death yaks
  A tengu warrior (D:11)
  A flayed ghost (D:10)
  An unseen horror (D:11)
  A harpy (D:10)
  2 orc knights
  10 wolf spiders
  4 ugly things
  10 orb spiders
  A manticore (D:11)
  36 elephants
  Joseph (Lair:1)
  4 ice statues
  A guardian serpent (Lair:6)
  5 black mambas
  16 spiny frogs
  2 torpor snails
  2 gargoyles (D:11)
  4 rime drakes
  2 komodo dragons
  3 jumping spiders
  A demonic crawler (Spider:2)
  8 ice devils (IceCv)
  3 polar bears
  6 hornets
  11 hippogriffs
  21 blink frogs
  5 tarantellas
  3 shadows (D:11)
  12 wyverns
  A yak (shapeshifter) (D:11)
  17 yaks
  20 redbacks
  A spriggan (Lair:5)
  2 wraiths (D:11)
  2 hungry ghosts (D:9)
  4 basilisks
  Grum (D:9)
  A steam dragon (Lair:5)
  5 hogs (Spider:2)
  A vampire mosquito (D:11)
  The ghost of Vodalian the Skirmisher, an amateur GrBe of Trog (D:3)
  21 water moccasins
  An acid dragon (D:11)
  7 porcupines
  9 orc warriors
  5 black bears
  2 ice beasts
  7 ogres
  4 phantoms
  3 sky beasts
  4 wolves (D:9)
  5 centaurs
  5 crocodiles
  3 big kobolds
  17 bullfrogs
  2 wyvern zombies
  A wyvern skeleton (D:10)
  5 scorpions
  11 killer bees
  3 wights (D:8)
  A howler monkey (D:9)
  3 centaur zombies
  5 crimson imps
  2 quasits
  16 jellies
  2 bullfrog skeletons
  3 centaur skeletons
  A gnoll shaman (D:9)
  2 hounds
  5 orc priests
  7 iguanas
  4 orc wizards
  12 worker ants
  2 hound skeletons
  3 hound zombies
  Robin (D:3)
  2 worker ant zombies (D:11)
  12 gnolls
  10 adders
  A shadow imp (D:9)
  8 white imps (IceCv)
  6 ufetubi (IceCv)
  8 oozes
  2 adder skeletons
  A worm (Lair:3)
  2 dart slugs
  3 leopard geckos
  31 orcs
  6 bats
  8 giant cockroaches
  11 goblins
  9 hobgoblins
  15 jackals
  7 quokkas
  3 frilled lizards (D:1)
  20 kobolds
  A leopard gecko zombie (D:5)
  A quokka skeleton (D:9)
  9 rats
  2 bushes
  7 fungi
  7 plants
639 creatures vanquished.

Vanquished Creatures (collateral kills)
  A leopard gecko (D:11)
1 creature vanquished.

Vanquished Creatures (others)
  A two-headed ogre (D:11)
  A jumping spider (Spider:1)
  A human (Spider:2)
  8 centaurs
  2 white imps (IceCv)
  2 ufetubi (IceCv)
  7 kobolds
  27 fungi
  9 plants
58 creatures vanquished.

Grand Total: 698 creatures vanquished

Notes
Turn   | Place    | Note
-------+----------+-------------------------------------------
     0 | D:1      | homeworkjunkie the Hill Orc Fighter began the quest for the Orb.
     0 | D:1      | Reached XP level 1. HP: 19/19 MP: 1/1
   112 | D:1      | Reached skill level 3 in Axes
   136 | D:1      | Reached XP level 2. HP: 27/27 MP: 2/2
   262 | D:2      | Reached XP level 3. HP: 23/33 MP: 3/3
   481 | D:5      | Entered Level 5 of the Dungeon
   519 | D:3      | Noticed Robin
   530 | D:3      | Killed Robin
   530 | D:3      | Reached skill level 4 in Axes
   530 | D:3      | Reached XP level 4. HP: 28/40 MP: 4/4
   635 | D:3      | Noticed Vodalian's ghost (amateur GrBe)
  1582 | D:4      | Found a blossoming altar of Fedhas.
  1626 | D:4      | Gained mutation: You are partially covered in iridescent scales. (AC +2) [potion of mutation]
  1626 | D:4      | Gained mutation: You are partially covered in molten scales. (AC +2) [potion of mutation]
  1779 | D:4      | Reached skill level 5 in Axes
  1779 | D:4      | Reached XP level 5. HP: 39/46 MP: 5/5
  2084 | D:4      | Noticed an ogre
  2091 | D:4      | Killed an ogre
  2091 | D:4      | Reached XP level 6. HP: 19/53 MP: 6/6
  2094 | D:4      | Reached skill level 6 in Axes
  2411 | D:4      | Reached skill level 5 in Shields
  2595 | D:4      | Reached XP level 7. HP: 60/60 MP: 7/7
  2606 | D:4      | Found a shattered altar of Ashenzari.
  2745 | D:4      | Found a snail-covered altar of Cheibriados.
  2745 | D:4      | Found a burning altar of Makhleb.
  2874 | D:5      | Reached skill level 7 in Axes
  2874 | D:5      | Reached skill level 1 in Dodging
  2914 | D:5      | Found Doisseul's Magic Scroll Shoppe.
  2952 | D:5      | Bought a scroll of identify for 26 gold pieces
  2952 | D:5      | Bought a scroll of enchant weapon for 97 gold pieces
  3020 | D:5      | Reached skill level 5 in Fighting
  3020 | D:5      | Reached skill level 5 in Armour
  3043 | D:6      | Reached XP level 8. HP: 64/68 MP: 8/8
  3090 | D:5      | Found Nankofid's Assorted Antiques.
  3095 | D:5      | Reached skill level 8 in Axes
  3365 | D:5      | Found Oskutile's Assorted Antiques.
  3408 | D:5      | Found Rucras's Jewellery Boutique.
  3411 | D:5      | Bought a +2 amulet of reflection for 82 gold pieces
  3525 | D:3      | Killed Vodalian's ghost
  3780 | D:3      | Found a sparkling altar of Nemelex Xobeh.
  3781 | D:3      | Found an opulent altar of Gozag.
  4008 | D:6      | Found a staircase to the Ecumenical Temple.
  4016 | Temple   | Entered the Ecumenical Temple
  4079 | Temple   | Became a worshipper of Warmaster Okawaru
  4363 | D:7      | Reached skill level 9 in Axes
  4383 | D:7      | Found Tycoish's Weapon Shoppe.
  4531 | D:7      | Reached * piety under Okawaru
  4590 | D:7      | Found a flagged portal.
  4599 | Bailey   | Entered a bailey
  4615 | Bailey   | Noticed an orc knight
  4660 | Bailey   | Reached skill level 1 in Evocations
  4660 | Bailey   | Reached XP level 9. HP: 75/75 MP: 9/9
  4731 | Bailey   | Reached skill level 10 in Axes
  4745 | Bailey   | Killed an orc knight
  4745 | Bailey   | Reached ** piety under Okawaru
  5717 | D:9      | Reached skill level 11 in Axes
  5914 | D:8      | Found a hazy altar of Hepliaklqana.
  5948 | D:8      | Reached XP level 10. HP: 84/84 MP: 12/12
  5954 | D:8      | Found Kiku's Assorted Antiques.
  5987 | D:8      | Reached *** piety under Okawaru
  6161 | D:8      | Noticed an elephant
  6165 | D:8      | Found a staircase to the Lair.
  6189 | D:8      | Reached skill level 12 in Axes
  6208 | D:8      | Killed an elephant
  6208 | D:8      | Reached skill level 1 in Stealth
  6313 | D:8      | Reached **** piety under Okawaru
  6505 | D:8      | Found Lohe's Book Shop.
  6519 | D:8      | Found Qugaxzyss's Assorted Antiques.
  6624 | D:8      | Found Ujeich's Gadget Boutique.
  6649 | D:8      | Found a bloodstained altar of Trog.
  6998 | D:9      | Noticed a two-headed ogre
  7023 | D:9      | Killed a two-headed ogre
  7023 | D:9      | Reached skill level 13 in Axes
  7023 | D:9      | Reached XP level 11. HP: 75/93 MP: 12/14
  7260 | D:10     | Entered Level 10 of the Dungeon
  7268 | D:9      | Noticed Grum
  7274 | D:9      | Killed Grum
  7290 | D:9      | Reached ***** piety under Okawaru
  7540 | D:10     | Noticed a two-headed ogre
  7550 | D:10     | Killed a two-headed ogre
  7550 | D:10     | Reached skill level 10 in Shields
  7988 | D:10     | Found a runed door.
  8017 | D:10     | Paralysed by a hornet for 1 turns
  8267 | D:10     | Noticed an orc knight
  8290 | D:10     | Killed an orc knight
  8481 | D:10     | Noticed a rakshasa
  8499 | D:10     | Noticed a flayed ghost
  8505 | D:10     | Killed a rakshasa
  8509 | D:10     | Noticed a harpy
  8518 | D:10     | Killed a flayed ghost
  8525 | D:10     | Killed a harpy
  8724 | D:10     | Reached skill level 14 in Axes
  8751 | D:10     | Noticed a two-headed ogre
  8757 | D:10     | Killed a two-headed ogre
  8757 | D:10     | Reached skill level 5 in Evocations
  8881 | D:10     | Noticed Harold
  8888 | D:10     | Killed Harold
  8987 | D:10     | Received a gift from Okawaru
  8987 | D:10     | Reached XP level 12. HP: 99/103 MP: 15/15
  9091 | D:10     | Noticed a two-headed ogre
  9105 | D:10     | Killed a two-headed ogre
  9105 | D:10     | Reached ****** piety under Okawaru
  9261 | D:11     | Found a burning altar of Makhleb.
  9336 | D:11     | Found a burning altar of Makhleb.
  9357 | D:11     | Noticed a two-headed ogre
  9374 | D:11     | Killed a two-headed ogre
  9448 | D:11     | Found a runed door.
  9451 | D:11     | Noticed a two-headed ogre
  9475 | D:11     | Reached skill level 15 in Axes
  9475 | D:11     | Killed a two-headed ogre
  9658 | D:11     | Noticed a centaur warrior
  9672 | D:11     | Killed a centaur warrior
 10129 | D:11     | Got a brightly glowing wooden ring
 10246 | D:11     | Identified the ring of Jyaqe {rPois MR+ SInv Stlth+} (You took it off a centaur on level 11 of the Dungeon)
 10345 | D:11     | Noticed an ogre mage
 10346 | D:11     | Noticed a centaur warrior
 10347 | D:11     | Noticed a centaur warrior
 10348 | D:11     | Noticed a tengu warrior
 10350 | D:11     | Killed a centaur warrior
 10355 | D:11     | Killed a centaur warrior
 10359 | D:11     | Killed an ogre mage
 10359 | D:11     | Reached XP level 13. HP: 99/113 MP: 17/17
 10369 | D:11     | Received a gift from Okawaru
 10375 | D:11     | Got an ancient wooden ring
 10377 | D:11     | Identified the ring "Xeiguorgh" {rC+ Dex+5} (You found it on level 11 of the Dungeon)
 10388 | D:11     | Reached skill level 10 in Fighting
 10394 | D:11     | Got a heavily runed steel ring
 10397 | D:11     | Got a coiled copper amulet
 10637 | D:12     | Reached skill level 16 in Axes
 10904 | Lair:1   | Entered Level 1 of the Lair of Beasts
 10927 | Lair:1   | Noticed Joseph
 10935 | Lair:1   | Killed Joseph
 11090 | Lair:1   | Identified the amulet of Hietoik {Inacc rC+ rN++ Str+2 Int-3} (You found it on level 11 of the Dungeon)
 11136 | Lair:1   | Identified the ring of the Empty Page {+Blink rN+ Str+3 Int+3} (You found it on level 11 of the Dungeon)
 11264 | Lair:1   | Noticed Gastronok
 11279 | Lair:1   | Killed Gastronok
 11339 | Lair:1   | Noticed Erica
 11356 | Lair:1   | Killed Erica
 12440 | Lair:3   | Found a hole to the Spider Nest.
 12465 | Lair:2   | Found a staircase to the Shoals.
 12586 | Lair:2   | Got a distressingly furry scale mail
 12602 | Lair:2   | Identified the +2 scale mail of Tuvik {*Slow rF+ rN+ Regen+} (You found it on level 2 of the Lair of Beasts)
 12839 | Lair:3   | Received a gift from Okawaru
 12904 | Lair:3   | Reached skill level 17 in Axes
 12905 | Lair:3   | Received a gift from Okawaru
 12909 | Lair:3   | Got a crude broad axe {god gift}
 12910 | Lair:3   | Identified the +8 broad axe of Dust {protect, MR+} (Okawaru gifted it to you on level 3 of the Lair of Beasts)
 13408 | Lair:4   | Reached XP level 14. HP: 116/122 MP: 19/19
 14062 | Lair:4   | Found a sparkling altar of Nemelex Xobeh.
 14159 | Lair:5   | Received a gift from Okawaru
 14231 | Lair:6   | Entered Level 6 of the Lair of Beasts
 14469 | Lair:5   | Noticed a dire elephant
 14491 | Lair:5   | Killed a dire elephant
 14502 | Lair:5   | Reached skill level 18 in Axes
 14634 | Lair:5   | Reached skill level 10 in Armour
 14968 | Lair:5   | Received a gift from Okawaru
 14991 | Lair:5   | Got a blackened plate armour {god gift}
 15341 | Lair:5   | Found a staircase to the Slime Pits.
 15727 | Lair:6   | Got a translucent lapis lazuli ring
 15729 | Lair:6   | Identified the +7 plate armour of Ynoa {Dex+3} (Okawaru gifted it to you on level 5 of the Lair of Beasts)
 15799 | Lair:6   | Reached XP level 15. HP: 124/132 MP: 21/21
 15989 | Lair:6   | Identified the ring "Nothanac" {rPois rF+ Dex+4 SInv} (You found it on level 6 of the Lair of Beasts)
 16165 | Lair:6   | Reached skill level 15 in Shields
 16326 | Lair:6   | Received a gift from Okawaru
 16329 | Lair:6   | Got a faintly glowing troll leather armour {god gift}
 16340 | Lair:6   | Identified the +1 troll leather armour of Jeriecur {+Fly rN+ Regen+ Str-5 Slay+2} (Okawaru gifted it to you on level 6 of the Lair of Beasts)
 16817 | Spider:1 | Entered Level 1 of the Spider Nest
 17037 | Spider:1 | Reached skill level 19 in Axes
 17650 | Spider:2 | Noticed Kirke
 17651 | Spider:2 | Received a gift from Okawaru
 17667 | Spider:2 | Noticed a sphinx
 17668 | Spider:2 | Killed Kirke
 17799 | Spider:2 | Found a frozen archway.
 17803 | Spider:2 | Noticed an emperor scorpion
 17838 | Spider:2 | Killed an emperor scorpion
 17838 | Spider:2 | Reached XP level 16. HP: 56/144 MP: 22/22
 17866 | IceCv    | Entered an ice cave
 19145 | IceCv    | Noticed an Ice Fiend
 19158 | IceCv    | Noticed an Ice Fiend
 19197 | IceCv    | HP: 7/144 [Ice Fiend/bolt of cold (17)]
 19201 | IceCv    | HP: 2/144 [Ice Fiend/bolt of cold (14)]
 19202 | IceCv    | Killed from afar by an Ice Fiend

Skill      XL: |  1  2  3  4  5  6  7  8  9 10 11 12 13 14 15 16 |
---------------+-------------------------------------------------+-----
Axes           | 3 4 5 6 7 9 11 13 14 15 17 18 19 | 19.2
Fighting       | 4 5 6 7 8 9 10 11 13 | 13.4
Armour         | 4 5 6 7 8 9 10 11 | 11.0
Shields        | 4 5 6 8 9 11 12 13 14 15 16 | 16.1
Dodging        | 1 2 3 4 |  4.0
Evocations     | 1 2 4 5 6 7 8 9 |  9.2
Stealth        | 2 |  2.5

Action                   |  1- 3 |  4- 6 |  7- 9 | 10-12 | 13-15 | 16-18 || total
-------------------------+-------+-------+-------+-------+-------+-------++-------
Melee: War axe           |    83 |   151 |   343 |   727 |    10 |       ||  1314
       Broad axe         |       |       |       |       |   892 |    78 ||   970
       Hand axe          |       |       |       |       |    74 |       ||    74
       Unarmed           |       |       |       |       |     4 |       ||     4
Invok: Heroism           |       |       |       |       |       |     1 ||     1
       Finesse           |       |       |       |       |       |     1 ||     1
Evoke: Wand              |       |       |       |    16 |    13 |     1 ||    30
  Use: Scroll            |     3 |     4 |    13 |     8 |     9 |       ||    37
       Potion            |     1 |     6 |     4 |     3 |     3 |     4 ||    21
 Stab: Paralysed         |       |       |       |    10 |     7 |       ||    17
       Distracted        |       |       |       |       |     1 |       ||     1
       Invisible         |       |       |       |       |       |     4 ||     4
  Eat: Royal jelly       |       |     2 |       |     7 |     7 |       ||    16
       Meat ration       |       |     1 |     2 |       |       |       ||     3
       Chunk             |       |       |       |     1 |       |       ||     1
       Fruit             |       |       |       |     4 |    16 |       ||    20
Armor: Scale mail        |    36 |    64 |    91 |       |       |       ||   191
       Pearl dragon scal |       |       |    44 |   219 |   179 |       ||   442
       Plate armour      |       |       |       |     3 |   155 |    23 ||   181
       Skin              |       |       |       |     2 |       |       ||     2
Dodge: Dodged            |    40 |    36 |    57 |   124 |   181 |     7 ||   445
Block: Shield            |    49 |    29 |       |       |       |       ||    78
       Large shield      |       |    88 |   384 |   682 |  1081 |    53 ||  2288
       Reflection        |       |       |    38 |    28 |    26 |     3 ||    95
       Other             |       |       |       |       |     1 |       ||     1
